Map: Shrines of Lizul

Players

pupsoid - Winner!

  • Race: Zerg Zerg
  • League: Platinum
  • Spawn Location: 3:00

ILIEKEGGPIE - Winner!

  • Race: Protoss Protoss
  • League: Platinum
  • Spawn Location: 12:00

seda

  • Race: Zerg Zerg
  • Spawn Location: 9:00

tassadar

  • Race: Terran Terran
  • Spawn Location: 6:00

VOD

Have the link to the VOD?

Description

Time

  • Played on: May 21, 2018, 6:36 p.m.
  • Length: 9:46
Show
View Real Time Build Order
Export as new Build Order

pupsoid Zerg - Winner!

Build Orders: Pool First 

Get SALT Encoding   

  12  0:09  Drone x2  
  14  0:29  Spawning Pool  
  14  0:35  Drone  
  14  0:51  Overlord  
  15  1:11  Drone  
  15  1:12  Drone  
  15  1:16  Drone  
  15  1:17  Hatchery  
  16  1:28  Queen  
  18  1:37  Drone x2  
  20  1:50  Extractor  
  20  1:53  Zergling x2  
  20  2:03  Zergling x2  
  21  2:17  Drone  
  22  2:32  Queen  
  24  2:38  Zergling x2  
  24  2:39  Zergling x6  
  24  2:42  Overlord x2  
  28  3:03  Drone x2  
  30  3:10  Baneling Nest, Drone  
  30  3:13  Drone x3  
  30  3:17  Drone x2  
  30  3:18  Drone  
  36  3:23  Metabolic Boost  
  36  3:39  Zergling x8  
  40  3:44  Zergling x8  
  44  3:54  Baneling x2  
  44  3:55  Baneling x2  
  44  4:08  Overlord x2  
  37  4:35  Zergling x2  
  37  4:36  Zergling x10  
  40  5:00  Zergling x8  
  43  5:08  Baneling x8  
  43  5:10  Zergling x4  
  45  5:18  Extractor  
  44  5:34  Zergling x8  
  48  5:42  Zergling x4  
  49  5:49  Zergling x6  
  30  6:01  Baneling, Zergling x2  
  30  6:04  Baneling x4  
  22  6:10  Spine Crawler x2  
  20  6:15  Spine Crawler  
  19  6:18  Spine Crawler  
  19  6:19  Zergling x8  
  22  6:28  Drone  
  23  6:41  Hatchery  
  18  7:11  Baneling  
  18  7:12  Baneling x4  
  18  7:32  Hatchery  
  18  7:34  Baneling x2  
  13  8:06  Zergling x14  
  16  8:23  Drone  
  17  8:28  Lair  
  17  8:31  Drone  
  17  8:33  Drone x2  
  17  8:34  Drone  
  21  8:46  Baneling  
  21  8:47  Baneling x3  
  21  8:58  Drone x2  
  23  9:04  Drone x4  
  27  9:13  Zergling x4  
Show
View Real Time Build Order
Export as new Build Order

ILIEKEGGPIE Protoss - Winner!

Build Orders: Zealot Archon 

Get SALT Encoding   

  12  0:01  Probe  
  13  0:13  Probe  
  14  0:23  Pylon  
  14  0:25  Probe  
  15  0:41  Probe  
  16  0:45  Gateway  
  16  0:51  Probe  
  16  0:56  Assimilator  
  17  0:59  Probe  
  18  1:07  Probe  
  19  1:23  Gateway  
  19  1:28  Pylon  
  19  1:30  Probe  
  20  1:34  Assimilator  
  20  1:39  Cybernetics Core  
  20  1:46  Probe  
  21  1:58  Probe  
  22  2:07  Adept  
  22  2:08  Adept  
  22  2:11  Gateway  
  24  2:17  Warp Gate  
  26  2:34  Pylon  
  26  2:36  Adept x2  
  30  2:47  Probe  
  31  3:02  Adept  
  31  3:09  Adept  
  33  3:48  Adept x2  
  37  4:00  Twilight Council  
  35  4:15  Stalker  
  33  4:40  Dark Shrine  
  29  5:00  Gateway  
  29  5:57  Dark Templar x3  
  33  6:42  Dark Templar x3  
  33  6:46  Charge, Pylon  
  39  6:47  Archon  
  37  7:27  Nexus  
  37  7:30  Pylon  
  37  7:32  Pylon  
  37  7:41  Probe  
  31  7:47  Assimilator  
  31  7:49  Assimilator, Probe  
  33  7:59  Probe  
  34  8:11  Probe  
  35  8:15  Gateway  
  35  8:16  Gateway  
  35  8:19  Pylon  
  35  8:35  Gateway x2  
  35  8:38  Pylon x2  
  35  8:42  Pylon  
  35  8:48  Robotics Facility  
  35  8:58  Probe x2  
  37  9:10  Probe x2  
  37  9:15  Stalker x4  
  37  9:16  Stalker  
  44  9:22  Probe  
  41  9:41  Archon  
Show
View Real Time Build Order
Export as new Build Order

seda Zerg 

Build Orders: Hatch First 

Get SALT Encoding   

  12  0:11  Overlord  
  13  0:14  Drone  
  13  0:18  Drone  
  14  0:29  Drone  
  15  0:39  Drone  
  16  0:51  Drone  
  17  1:03  Drone  
  18  1:04  Hatchery  
  17  1:13  Extractor  
  16  1:19  Spawning Pool  
  16  1:22  Drone  
  16  1:33  Drone x2  
  16  1:36  Extractor  
  16  1:38  Extractor  
  16  1:45  Overlord  
  16  2:06  Zergling x4  
  16  2:08  Queen  
  20  2:18  Queen  
  20  2:21  Drone x2  
  24  2:24  Drone  
  25  2:36  Baneling Nest  
  24  2:49  Drone x2  
  26  2:52  Zergling x2  
  26  2:53  Zergling x2  
  26  2:54  Zergling x2  
  29  3:12  Metabolic Boost  
  28  3:13  Zergling x2  
  28  3:14  Zergling x4  
  31  3:24  Drone  
  32  3:31  Roach Warren  
  27  3:42  Zergling x2  
  27  3:43  Zergling x6  
  27  3:44  Zergling x2  
  31  3:54  Zergling x4  
  33  3:58  Baneling x3  
  33  3:59  Baneling  
  32  4:21  Roach  
  32  4:22  Roach x3  
  33  4:29  Drone  
  33  4:30  Drone  
    7:24  Roach  
    7:25  Roach x2  
    7:28  Roach x4  
Show
View Real Time Build Order
Export as new Build Order

tassadar Terran 

Build Orders:  

Get SALT Encoding   

  12  0:01  SCV  
  13  0:13  SCV  
  14  0:35  Supply Depot  
  14  0:57  Command Center  
  14  1:01  SCV  
  15  1:33  SCV  
  15  1:35  Barracks  
  15  1:39  Barracks  
  16  1:45  SCV  
  17  1:55  Barracks  
  17  1:57  SCV  
  18  2:08  Barracks  
  18  2:23  Marine  
  18  2:27  Marine  
  20  2:34  Engineering Bay  
  20  2:38  Orbital Command  
  20  2:49  Marine x2  
  20  2:50  Marine  
  23  3:07  Marine  
  24  3:12  Marine  
  24  3:13  Marine x2  
  27  3:27  Refinery  
  27  3:30  Refinery  
  27  3:36  Missile Turret  
  27  3:42  Marine x4  
  31  3:59  Marine  
  31  4:00  Marine x2  
  34  4:15  Supply Depot  
  34  4:17  Marine x3  
  37  4:41  Marine  
  37  4:42  Marine x3  
  41  5:08  Marine x3  
  41  5:09  Marine  
  45  5:26  Marine  
  46  5:33  Marine x3  
  49  5:44  Marine  
  49  5:51  Marine  
  50  6:02  Marine x3  
  53  6:09  Marine  
  43  6:20  Marine x3  
  44  6:27  Marine  
  32  7:08  Marine  
  32  7:09  Marine x2  
  32  7:10  Marine  
  36  7:26  Marine  
  36  7:27  Marine x3  
  23  8:07  Marine x4  
  23  8:30  Marine x2  
  23  8:31  Marine x2  
Tags
 
Add a new tag
Caveats
  • Supply blocks, unpowered buildings, or Contaminate may cause inaccurate times.
  • Supply counts are checked every 10 seconds.